 Dungeon Crawl Stone Soup version 0.21.1-1-g345015fe64 (webtiles) character file.

9480 Redear the Black Belt (level 11, -1/51 HPs)
             Began as a Vine Stalker Monk on Mar 9, 2018.
             Slain by an eight-headed hydra (6 damage)
             ... while paralysed
             ... on level 1 of the Lair of Beasts on Mar 10, 2018.
             The game lasted 01:52:52 (14010 turns).

Redear the Black Belt (Vine Stalker Monk)          Turns: 14010, Time: 01:53:04

Health: -1/51      AC: 12    Str: 15    XL:     11   Next: 47%
Magic:  0/12       EV:  2    Int: 10    God:
Gold:   1274       SH:  0    Dex: 17    Spells: 10/10 levels left

rFire    . . .     SeeInvis .     - Unarmed
rCold    + . .     Gourm    .   (no shield)
rNeg     . . .     Faith    .   Y - +3 leather armour
rPois    +         Spirit   +   O - +2 helmet
rElec    .         Reflect  .   E - +2 cloak
rCorr    .         Harm     .   (no gloves)
MR       ++...                  (no boots)
Stlth    ++........             J - amulet of regeneration
HPRegen  0.97/turn              H - +1 ring of evasion
MPRegen  0.13/turn              K - ring of protection from cold

@: paralysed, berserk cooldown, flying, slowed, drained
A: fangs 3, clumsy 1, magic resistance 1, poison resistance, regeneration 1,
magic shield, antimagic bite, no potion heal 3, rot immunity
a: no special abilities


You were on level 1 of the Lair of Beasts.
You were not hungry.

You visited 5 branches of the dungeon, and saw 17 of its levels.

You collected 1411 gold pieces.
You spent 137 gold pieces at shops.

Inventory:

Hand Weapons
 u - a +0 blowgun
 L - a +0 blowgun
 W - a +0 giant club
Missiles
 t - 34 poisoned needles
 X - 11 tomahawks (quivered)
Armour
 a - a +0 robe
 h - +0 ice dragon scales
 m - a +1 ring mail of poison resistance
 p - a scarf of spirit shield
 E - a +2 cloak (worn)
 I - a cursed +0 robe
 O - a +2 helmet (worn)
 Y - a +3 leather armour (worn)
Jewellery
 F - an uncursed amulet of harm
 H - a +1 ring of evasion (left hand)
 J - an amulet of regeneration (around neck)
 K - a ring of protection from cold (right hand)
 V - an uncursed ring of see invisible
Wands
 n - a wand of enslavement (21)
 w - a wand of clouds (6)
 y - a wand of flame (77)
 M - a wand of iceblast (4)
 U - a wand of polymorph (12)
Scrolls
 c - 5 scrolls of immolation
 f - 2 scrolls of enchant armour
 g - 2 scrolls of identify
 j - 3 scrolls of teleportation
 k - 2 scrolls of enchant weapon
 q - a scroll of noise {unknown}
 r - 4 scrolls of magic mapping
 v - 7 scrolls of amnesia
 x - 4 scrolls of remove curse
 N - a scroll of random uselessness {unknown}
 R - a scroll of vulnerability {unknown}
 T - 2 scrolls of fear {unknown}
Potions
 e - a potion of haste
 i - 9 potions of curing
 l - 7 potions of heal wounds
 s - 2 potions of lignification
 z - 2 potions of agility {unknown}
 A - a potion of ambrosia {unknown}
 B - a potion of might {unknown}
 C - a potion of invisibility
 G - a potion of brilliance {unknown}
 Q - a potion of magic {unknown}
 S - a potion of flight
Books
 D - a book of Maledictions

   Spells                             Type                      Level
   a - Corona                         Hexes                        1
   b - Ensorcelled Hibernation        Hexes/Ice                    2
   c - Confuse                        Hexes                        3
   d - Tukima's Dance                 Hexes                        3
   e - Dazzling Spray                 Conjuration/Hexes            3
Comestibles
 b - 14 rations


   Skills:
 - Level 2.6(2.4) Fighting
 + Level 6.8(6.6) Dodging
 - Level 2.4(2.2) Stealth
 - Level 15.3(15.0) Unarmed Combat


You had 10 spell levels left.
You didn't know any spells.

Dungeon Overview and Level Annotations

Branches:
Dungeon (11/15)            Temple (1/1) D:5            Lair (2/6) D:9
    Orc (2/2) D:10            Elf (1/3) Orc:2
  Swamp: Lair:2-4    Shoals: Lair:2-4     Snake: Lair:2-4    Spider: Lair:2-4

Altars:
Ashenzari
Cheibriados
Dithmenos
Elyvilon
Fedhas
Gozag
Hepliaklqana
Kikubaaqudgha
Makhleb
Nemelex Xobeh
Okawaru
Qazlal
Ru
Sif Muna
Trog
Uskayaw
Vehumet
Wu Jian
Xom
Yredelemnul
Zin
The Shining One

Shops:
D:6 =*=:!   D:7 [   D:8 *

Annotations:
D:11 coier's ghost, journeyman GnWn


Innate Abilities, Weirdness & Mutations

You have razor-sharp teeth.
Your natural rate of healing is unusually fast.
When hurt, damage is shared between your health and your magic reserves.
Your bite disrupts and absorbs the magic of your enemies.
Potions cannot restore your health.
You are immune to rotting.
You are clumsy. (Dex -2)
You are resistant to hostile enchantments. (MR+)
Your system is resistant to poisons. (rPois)


Message History

The eight-headed hydra roars!
The yak bellows!
There is a staircase back to the Dungeon here.
You feel your anger nearly subside.
You are no longer berserk.
You pass out from exhaustion.
You feel yourself slow down. The eight-headed hydra bites you.
The eight-headed hydra bites you! The eight-headed hydra bites you. x2
The eight-headed hydra bites you but does no damage.
The eight-headed hydra bites you!
The eight-headed hydra bites you but does no damage.
The eight-headed hydra bites you. The yak gores you but does no damage.
The eight-headed hydra bites you but does no damage.
The eight-headed hydra bites you!
* * * LOW HITPOINT WARNING * * *
The eight-headed hydra bites you!
* * * LOW HITPOINT WARNING * * *
The eight-headed hydra bites you but does no damage. x2
The eight-headed hydra bites you!
You die...

......##.###......##..........#..
#P#'.##### #.#Y#.................
###.## ###.#######.......[P##
#..# #.P# ##.#.###.## ##.# #.##
#P...P#### #.# ###'### ####....#
##%# #.....# ##..+## #..#
##....Y#### ##.....## ##.##
#.....@.#P#P##.......## #...#
##...D.'......#....(##. ##.##
#....<######.'.....'.. #..#
#.....# ###.....### ###%# #.'####
#.....# ....# ##.# #.....# ....#
##.# #.....# ..### ##..# #P...###
.## #..#.# #..###


You could see an eight-headed hydra and a yak.

Vanquished Creatures
  2 two-headed ogres (D:9)
  An ugly thing (D:10)
  Joseph (D:8)
  A komodo dragon (D:9)
  2 hippogriffs
  15 yaks
  A wyvern (D:10)
  Eustachio (D:6)
  A basilisk (Lair:1)
  2 water moccasins
  A porcupine (Lair:1)
  6 orc warriors
  A phantom (D:4)
  8 ogres
  An ice beast (D:6)
  2 centaurs
  2 big kobolds
  4 bullfrogs
  A gnoll sergeant (D:8)
  2 scorpions
  A howler monkey (D:5)
  A centaur zombie (D:6)
  A crimson imp (D:5)
  2 bullfrog zombies
  2 quasits
  A gnoll shaman (D:5)
  4 hounds
  2 jellies
  6 orc priests
  3 iguanas
  A centaur skeleton (D:4)
  12 orc wizards
  6 worker ants
  A hound zombie (D:6)
  14 gnolls
  12 adders
  2 oozes
  3 adder skeletons (D:4)
  3 worms
  A dart slug (D:3)
  4 leopard geckos
  44 orcs
  6 bats
  3 giant cockroaches
  6 goblins
  3 hobgoblins
  9 jackals
  2 quokkas
  3 ball pythons
  2 frilled lizards
  15 kobolds
  A quokka skeleton (D:4)
  2 quokka zombies
  4 rats
237 creatures vanquished.

Vanquished Creatures (others)
  Maurice (D:8)
  4 plants
  4 toadstools (D:1)
9 creatures vanquished.

Grand Total: 246 creatures vanquished

Notes
Turn   | Place    | Note
-------+----------+-------------------------------------------
     0 | D:1      | Redear the Vine Stalker Monk began the quest for the Orb.
     0 | D:1      | Reached XP level 1. HP: 11/11 MP: 2/2
   678 | D:1      | Reached XP level 2. HP: 16/16 MP: 3/3
  1400 | D:2      | Reached skill level 4 in Unarmed Combat
  1400 | D:2      | Reached XP level 3. HP: 16/19 MP: 4/4
  1734 | D:2      | Gained mutation: Your natural rate of healing is unusually fast. [Vine Stalker growth]
  1734 | D:2      | Reached XP level 4. HP: 23/23 MP: 5/5
  1872 | D:2      | Found a faded altar of an unknown god.
  2163 | D:3      | Reached skill level 5 in Unarmed Combat
  2629 | D:3      | Reached XP level 5. HP: 24/27 MP: 4/6
  2763 | D:3      | Noticed an ogre
  2829 | D:3      | Killed an ogre
  2829 | D:3      | Reached skill level 6 in Unarmed Combat
  2913 | D:3      | Reached XP level 6. HP: 32/32 MP: 7/7
  3423 | D:4      | Reached skill level 7 in Unarmed Combat
  3738 | D:4      | Noticed a phantom
  3747 | D:4      | Killed a phantom
  3747 | D:4      | Reached XP level 7. HP: 28/35 MP: 8/8
  3756 | D:4      | Reached skill level 8 in Unarmed Combat
  3919 | D:4      | Found a hide-covered altar of Uskayaw.
  4132 | D:5      | Entered Level 5 of the Dungeon
  4376 | D:5      | Found a glowing silver altar of Zin.
  4561 | D:5      | Found a deep blue altar of Sif Muna.
  4598 | D:5      | Found a staircase to the Ecumenical Temple.
  4607 | Temple   | Entered the Ecumenical Temple
  4824 | D:5      | Found a hazy altar of Hepliaklqana.
  4826 | D:5      | Found a shimmering altar of Xom.
  4826 | D:5      | Noticed a thorn hunter
  4827 | D:5      | Noticed a spectral ugly thing
  4827 | D:5      | Noticed a thorn hunter
  5085 | D:6      | Noticed Eustachio
  5188 | D:5      | Reached skill level 9 in Unarmed Combat
  5311 | D:5      | Gained mutation: You have razor-sharp teeth. [Vine Stalker growth]
  5311 | D:5      | Reached XP level 8. HP: 24/39 MP: 5/9
  6523 | D:6      | Found Aplirghai's Jewellery Shoppe.
  6545 | D:6      | Bought a +1 ring of evasion for 33 gold pieces
  6571 | D:6      | Reached skill level 10 in Unarmed Combat
  6726 | D:6      | Killed Eustachio
  6837 | D:6      | Found Jipt's Distillery.
  6846 | D:6      | Bought a potion of mutation for 104 gold pieces
  6846 | D:6      | Gained mutation: Your body sometimes deteriorates upon taking damage. [potion of mutation]
  6846 | D:6      | Gained mutation: You are agile. (Dex +2) [potion of mutation]
  6846 | D:6      | Gained mutation: You are robust. (+10% HP) [potion of mutation]
  6851 | D:6      | Lost mutation: Your body sometimes deteriorates upon taking damage. [potion of mutation]
  6851 | D:6      | Lost mutation: You are agile. (Dex +2) [potion of mutation]
  6851 | D:6      | Lost mutation: You are robust. (+10% HP) [potion of mutation]
  6851 | D:6      | Gained mutation: Your system is resistant to poisons. (rPois) [potion of mutation]
  6851 | D:6      | Gained mutation: You are clumsy. (Dex -2) [potion of mutation]
  6851 | D:6      | Gained mutation: You are resistant to hostile enchantments. (MR+) [potion of mutation]
  6909 | D:6      | Found Xuidghi's Book Emporium.
  7027 | D:6      | Reached skill level 11 in Unarmed Combat
  7057 | D:6      | Found Ahudum's Assorted Antiques.
  7138 | D:6      | Found Hyc Uria's Jewellery Boutique.
  7352 | D:7      | Found a stormy altar of Qazlal.
  7450 | D:7      | You fall through a shaft!
  7565 | D:8      | Noticed Joseph
  7573 | D:8      | Reached XP level 9. HP: 42/43 MP: 8/10
  7599 | D:8      | Killed Joseph
  7627 | D:8      | Reached skill level 12 in Unarmed Combat
  7654 | D:8      | Found an ornate altar of the Wu Jian Council.
  7669 | D:8      | Noticed Maurice
  7684 | D:8      | Killed Maurice
  7756 | D:8      | Found Gozag's Platinum Reserve.
  7764 | D:8      | Found an opulent altar of Gozag.
  8183 | D:9      | Noticed a two-headed ogre
  8195 | D:9      | Killed a two-headed ogre
  8195 | D:9      | Reached skill level 13 in Unarmed Combat
  8220 | D:9      | Noticed a two-headed ogre
  8239 | D:9      | Killed a two-headed ogre
  8239 | D:9      | Reached XP level 10. HP: 35/47 MP: 9/11
  8291 | D:9      | Reached skill level 14 in Unarmed Combat
  8644 | D:9      | Found a staircase to the Lair.
  8798 | D:9      | Found a basalt altar of Yredelemnul.
  8953 | D:9      | Found a white marble altar of Elyvilon.
  9097 | D:9      | Found a glowing golden altar of the Shining One.
  9566 | D:7      | Found a bloodstained altar of Trog.
  9676 | D:7      | Found Imof's Antique Armour Emporium.
  9972 | D:7      | Noticed a two-headed ogre
 10098 | Lair:1   | Entered Level 1 of the Lair of Beasts
 10560 | Lair:1   | Noticed a seven-headed hydra
 10620 | Lair:1   | Reached skill level 15 in Unarmed Combat
 10724 | Lair:1   | Noticed an eight-headed hydra
 10870 | D:10     | Entered Level 10 of the Dungeon
 10999 | D:10     | Reached XP level 11. HP: 17/51 MP: 6/12
 11404 | D:10     | Found a staircase to the Orcish Mines.
 12039 | Orc:1    | Entered Level 1 of the Orcish Mines
 12050 | D:10     | Reached skill level 5 in Dodging
 12243 | Orc:2    | Entered Level 2 of the Orcish Mines
 12243 | Orc:2    | Found a staircase to the Elven Halls.
 12514 | Orc:2    | Noticed an orc knight
 13058 | Elf:1    | Entered Level 1 of the Elven Halls
 13058 | Elf:1    | Noticed a deep elf mage
 13058 | Elf:1    | Noticed a deep elf mage
 13058 | Elf:1    | Noticed a deep elf mage
 13058 | Elf:1    | Noticed a deep elf mage
 13123 | D:11     | Noticed a white ugly thing
 13407 | D:10     | Killed a white ugly thing
 13478 | D:11     | Noticed coier's ghost (journeyman GnWn)
 14010 | Lair:1   | Slain by an eight-headed hydra

Skill      XL: |  1  2  3  4  5  6  7  8  9 10 11 |
---------------+----------------------------------+-----
Unarmed Combat | 4 5 6 7 9 11 13 15 | 15.3
Dodging        | 3 6 |  6.8
Fighting       | |  2.6
Stealth        | |  2.4

Action                   |  1- 3 |  4- 6 |  7- 9 | 10-12 || total
-------------------------+-------+-------+-------+-------++-------
Melee: Unarmed           |    81 |   138 |   295 |   384 ||   898
       Bite              |    21 |    48 |    84 |   114 ||   267
       Punch             |     3 |     1 |    18 |    29 ||    51
 Fire: Blowgun           |       |       |       |     2 ||     2
  Use: Scroll            |       |     3 |    11 |    12 ||    26
       Potion            |       |       |     2 |     5 ||     7
 Stab: Sleeping          |     1 |       |     2 |       ||     3
  Eat: Chunk             |     2 |     5 |     6 |     9 ||    22
       Ration            |       |     1 |     2 |     3 ||     6
Armor: Robe              |     2 |       |       |       ||     2
       Ring mail         |    33 |    52 |    85 |    99 ||   269
       Ice dragon scales |    10 |       |       |       ||    10
       Leather armour    |       |       |       |    16 ||    16
       Skin              |       |       |       |     3 ||     3
Dodge: Dodged            |    69 |    80 |   197 |   214 ||   560
